 Dungeon Crawl Stone Soup version 0.30-a0-830-gfe289a77b0 (webtiles) character file.

Game seed: 11289492671812846382

641 Nacht the Grave Robber (level 7, -1/41 HPs)
             Began as a Demonspawn Necromancer on Feb 28, 2023.
             Was a Believer of Hepliaklqana.
             Slain by Edmund
             ... wielding a +2 heavy dire flail
              (10 damage)
             ... on level 5 of the Dungeon.
             The game lasted 00:03:53 (3717 turns).

Nacht the Grave Robber (Demonspawn Necromancer)     Turns: 3717, Time: 00:03:53

Health: -1/41      AC:  3    Str:  8    XL:     7   Next: 26%
Magic:  14/15      EV: 12    Int: 18    God:    Hepliaklqana [**....]
Gold:   162        SH:  4    Dex: 14    Spells: 15/16 levels left

rFire   . . .      SeeInvis .    (no weapon)
rCold   . . .      Faith    .    (no shield)
rNeg    . . .      Spirit   .    a - +0 robe
rPois   .          Reflect  .    (no helmet)
rElec   .          Harm     .    (no cloak)
rCorr   .          Rampage  .    (no gloves)
Will    .....                    j - +0 pair of boots
Stlth   ++                       (no amulet)
HPRegen 0.26/turn                (no ring)
MPRegen 0.14/turn                (no ring)

@: no status effects
A: reduced essence, hooves 1, powered by death 2, sturdy frame 1, condensation
shield
a: Renounce Religion, Recall Ancestor, Ancestor Identity


You were on level 5 of the Dungeon.
You worshipped Hepliaklqana.
Hepliaklqana was pleased with you.
You visited 1 branch of the dungeon, and saw 5 of its levels.

You collected 162 gold pieces.

Inventory:

Missiles
 d - a throwing net
Armour
 a - a +0 robe (worn)
 j - a +0 pair of boots (worn)
Wands
 l - a wand of paralysis (7)
 m - a wand of acid (12) (quivered)
 o - a wand of polymorph (3)
Scrolls
 c - a scroll of torment {unknown}
 e - 6 scrolls of identify
 g - 3 scrolls of blinking {unknown}
 h - a scroll of poison {unknown}
 i - 3 scrolls of fear {unknown}
 n - 2 scrolls of teleportation {unknown}
 q - a scroll of enchant armour {unknown}
 r - a scroll of immolation {unknown}
 t - a scroll of enchant weapon {unknown}
Potions
 f - a potion of curing
 k - 2 potions of might {unknown}
 p - a potion of brilliance
 s - a potion of mutation {unknown}


   Skills:
 - Level 1.7 Dodging
 - Level 1.7 Stealth
 + Level 5.4 Spellcasting
 + Level 7.6 Necromancy


You had 15 spell levels left.
You knew the following spells:

 Your Spells              Type           Power      Damage    Failure   Level
a - Necrotise             Necr           100%       1d9       1%          1

Your spell library contained the following spells:

 Spells                   Type           Power      Damage    Failure   Level
 Vampiric Draining        Necr           32%        2d8       1%          3
 Animate Dead             Necr           32%        N/A       5%          4
 Agony                    Necr           32%        N/A       16%         5
 Summon Forest            Summ/Tloc      2%         N/A       98%         5
 Summon Mana Viper        Hex/Summ       4%         N/A       98%         5
 Summon Cactus Giant      Summ           2%         N/A       100%        6


Dungeon Overview and Level Annotations

Branches:
Dungeon (5/15)
 Temple: D:4-7

Altars:
Hepliaklqana
Xom

Annotations:
D:5 Edmund


Innate Abilities, Weirdness & Mutations

Your life essence is reduced to manifest your ancestor. (-10% HP)
You have large cloven feet.
You regenerate health from kills.
Your movements are slightly less encumbered by armour. (ER -2)
A meltable shield of frost defends you. (SH +4)


Message History

Press: ? - help, Shift-Dir - straight line, f - you, p - Edmund
Okay, then.
You swap places.
Amnanu hits Edmund with a +0 flail!
Edmund drinks a potion.
Edmund is healed!
Casting: Necrotise (safe; 1% risk of failure)
Confirm with . or Enter, or press ? or * to list all spells.
Aiming: Necrotise (safe; 1% risk of failure)
Press: ? - help, Shift-Dir - straight line, f/p - Edmund
Aim: Edmund, wielding a +2 heavy dire flail and wearing a +0 chain mail (heavily wounded, not watching you, ally target, chance to affect: 83%) Amnanu avoids your attack.
Edmund writhes in agony.
Amnanu hits Edmund with a +0 flail.
Edmund closely misses Amnanu.
Your magical contamination has completely faded away.
Casting: Necrotise (safe; 1% risk of failure)
Confirm with . or Enter, or press ? or * to list all spells.
You don't have enough magic to cast this spell.
Amnanu closely misses Edmund.
Edmund hits Amnanu with a +2 heavy dire flail!!
Amnanu completely misses Edmund.
Edmund hits Amnanu with a +2 heavy dire flail!!
Amnanu is destroyed!
Casting: Necrotise (safe; 1% risk of failure)
Confirm with . or Enter, or press ? or * to list all spells.
Aiming: Necrotise (safe; 1% risk of failure)
Press: ? - help, Shift-Dir - straight line, f/p - Edmund
Aim: Edmund, wielding a +2 heavy dire flail and wearing a +0 chain mail (severely wounded, chance to affect: 83%) Edmund writhes in agony!
Casting: Necrotise (safe; 1% risk of failure)
Confirm with . or Enter, or press ? or * to list all spells.
You don't have enough magic to cast this spell.
Magic courses through your body.
Edmund hits you with a +2 heavy dire flail!
* * * LOW HITPOINT WARNING * * *
Casting: Necrotise (safe; 1% risk of failure)
Confirm with . or Enter, or press ? or * to list all spells.
Aiming: Necrotise (safe; 1% risk of failure)
Press: ? - help, Shift-Dir - straight line, f/p - Edmund
Aim: Edmund, wielding a +2 heavy dire flail and wearing a +0 chain mail (severely wounded, chance to affect: 83%) Edmund writhes in agony.
Edmund hits you with a +2 heavy dire flail!
You die...

#####.#.#
#.####
#.#.###.#
#.##...##
##.##.#.#
#.......#
#.###..##
#.# #..#
#.#
#..######
#.#
#......@#
#.#
##.####@#
#.####.#
#.#
#......#
#.#
########
#.# #..
###


You could see Edmund.

Vanquished Creatures
  A black bear (D:4)
  3 crimson imps (D:3)
  A hound (D:3)
  A jelly (D:2)
  An iguana (D:5)
  Jessica (D:2)
  Natasha (thrice) (D:2)
  An adder (D:2)
  2 worms (D:2)
  5 orcs
  7 bats
  4 endoplasms
  A giant cockroach (D:3)
  6 goblins
  4 hobgoblins
  5 quokkas
  3 ball pythons
  3 frilled lizards
  5 kobolds
  8 rats
65 creatures vanquished.

Vanquished Creatures (collateral kills)
  A scorpion (D:4)
  A necrophage (D:3)
  A crimson imp (D:3)
  An orc priest (D:4)
  A giant cockroach (D:4)
  A goblin (D:4)
  A ball python (D:1)
  A kobold (D:4)
8 creatures vanquished.

Vanquished Creatures (others)
  A knight (D:5)
1 creature vanquished.

Grand Total: 74 creatures vanquished

Notes
Turn   | Place    | Note
-------+----------+-------------------------------------------
     0 | D:1      | Nacht the Demonspawn Necromancer began the quest for the
                  | Orb.
     0 | D:1      | Reached XP level 1. HP: 13/13 MP: 3/3
   232 | D:1      | Gained mutation: A meltable shield of frost defends you.
                  | (SH +4) [demonic ancestry]
   232 | D:1      | Reached XP level 2. HP: 19/19 MP: 1/5
   793 | D:2      | Noticed Natasha
   797 | D:2      | Killed Natasha
   798 | D:2      | Reached skill level 5 in Necromancy
   798 | D:2      | Gained mutation: Your movements are slightly less
                  | encumbered by armour. (ER -2) [demonic ancestry]
   798 | D:2      | Reached XP level 3. HP: 24/24 MP: 1/7
  1044 | D:2      | Noticed Jessica
  1051 | D:2      | Killed Jessica
  1052 | D:2      | Gained mutation: You regenerate a little health from kills.
                  | [demonic ancestry]
  1052 | D:2      | Reached XP level 4. HP: 30/30 MP: 1/8
  1619 | D:2      | Noticed Natasha
  1632 | D:2      | Killed Natasha
  1633 | D:2      | Gained mutation: You regenerate health from kills. [demonic
                  | ancestry]
  1633 | D:2      | Reached XP level 5. HP: 35/35 MP: 3/10
  1688 | D:2      | Found a faded altar of an unknown god.
  1697 | D:2      | Prayed at the altar of an unknown god.
  1697 | D:2      | Became a worshipper of Hepliaklqana the Forgotten
  1697 | D:2      | Reached * piety under Hepliaklqana
  1919 | D:2      | Noticed Natasha
  1924 | D:2      | Killed Natasha
  1925 | D:2      | Reached skill level 6 in Necromancy
  2503 | D:3      | Found a shimmering altar of Xom.
  2521 | D:3      | Gained mutation: You have large cloven feet. [demonic
                  | ancestry]
  2521 | D:3      | Reached XP level 6. HP: 20/36 MP: 12/12
  2704 | D:3      | Reached ** piety under Hepliaklqana
  2915 | D:3      | Remembered your ancestor Amnanu as a knight
  2990 | D:4      | Reached skill level 7 in Necromancy
  3142 | D:4      | Reached skill level 5 in Spellcasting
  3204 | D:4      | Reached XP level 7. HP: 41/41 MP: 11/14
  3651 | D:5      | Entered Level 5 of the Dungeon
  3690 | D:5      | Noticed Edmund
  3717 | D:5      | Slain by Edmund

Illustrated notes

Levels and vault maps discovered:
D:1:      giann_wishing_wells, layout_rooms
D:2:      layout_loops_corners, hellmonk_ecumenical_altar_run_dry, uniq_jessica,
          uniq_natasha
D:3:      layout_loops_ring, led_xom_imps
D:4:      layout_basic
D:5:      layout_loops_corners, grunt_temple_overflow_holy_war,
          nicolae_overflow_hallway_of_the_gods, uniq_edmund, uniq_blork_the_orc,
          uniq_duvessa

Skill      XL: |  1  2  3  4  5  6 |
---------------+-------------------+-----
Necromancy     | 5 6 7 |  7.6
Spellcasting   | 3 4 5 |  5.4
Dodging        | |  1.7
Stealth        | |  1.7

Action                     |  1- 3 |  4- 6 |  7- 9 || total
---------------------------+-------+-------+-------++-------
  Melee: Unarmed           |     8 |    15 |       ||    23
         Punch             |     1 |     1 |       ||     2
   Cast: Necrotise         |    55 |    65 |    31 ||   151
 Invoke: Recall Ancestor   |       |     1 |       ||     1
         Ancestor Life: Kn |       |     1 |       ||     1
  Evoke: Wand              |       |     2 |       ||     2
    Use: Scroll            |       |     1 |       ||     1
         Potion            |       |       |     1 ||     1
 Armour: Robe              |     2 |    14 |     2 ||    18
  Dodge: Dodged            |    10 |    28 |     7 ||    45
  Block: Other             |     6 |     7 |     3 ||    16

Table legend: (Time is in decaauts)
 A = Elapsed time spent in this place.
 B = Non-inter-level travel time spent in this place.
 C = Inter-level travel time spent in this place.
 D = Time resting spent in this place.
 E = Time spent auto-exploring this place.
 F = Levels seen in this place.
 G = Mean time per level.
                   A        B        C        D        E       F      G
               +--------+--------+--------+--------+--------+-----+--------+
         Total |   3722 |   3639 |     83 |      0 |   3087 |   5 |  744.4 |
       Dungeon |   3722 |   3639 |     83 |      0 |   3087 |   5 |  744.4 |
               +--------+--------+--------+--------+--------+-----+--------+

Top non-repeatable levels by time:
     D:2: 1378 daAuts
     D:1: 789 daAuts
     D:3: 785 daAuts
     D:4: 703 daAuts
     D:5: 65 daAuts
